[Event "Titled Tuesday Blitz January 04 2022"]
[White "Tanenbaum, Zachary"]
[Black "Ingebretsen, Jens E"]
[WhiteFideId "2060850"]
[BlackFideId "1522965"]
[WhiteElo "2168"]
[BlackElo "2072"]
[Result "1-0"]
[Round "08"]
[TimeControl "180+1"]
[Date "2022.01.04"]
[WhiteClock "0:00:16"]
[BlackClock "0:00:05"]

1. e4 e5 2. Nf3 Nc6 3. Bc4 Bc5 4. c3 Nf6 5. d3 O-O 6. Nbd2 d6 7. a4 a6 8. Nf1 Ba7 9. Ng3 Re8 10. O-O Be6 11. Bxe6 Rxe6 12. d4 Re8 13. Qb3 exd4 14. Qxb7 Qd7 15. Qxa6 dxc3 16. Qc4 Na5 17. Qxc3 Nxe4 18. Nxe4 Rxe4 19. Ng5 Re7 20. b4 Nc6 21. Bb2 f6 22. Nf3 Rae8 23. b5 Ne5 24. Nxe5 fxe5 25. Qb3+ Rf7 26. a5 Bc5 27. a6 Kh8 28. a7 Ra8 29. Qd5 Rff8 30. Qb7 Qc8 31. Qc6 Rxa7 32. Bxe5 Rxa1 33. Bxa1 Qf5 34. Qxc7 Bxf2+ 35. Kh1 Qd3 36. Qxg7# 1-0


[Site "https://www.chess.com"]

[Event "Titled Tuesday Blitz January 04 2022"]
[White "Terry, Renato"]
[Black "Yuan, Qingyu"]
[WhiteFideId "3803457"]
[BlackFideId "8609772"]
[WhiteElo "2577"]
[BlackElo "2359"]
[Result "1-0"]
[Round "08"]
[TimeControl "180+1"]
[Date "2022.01.04"]
[WhiteClock "0:00:07"]
[BlackClock "0:00:06"]

1. e4 c6 2. Nf3 d5 3. exd5 cxd5 4. Ne5 Nc6 5. d4 Nxe5 6. dxe5 e6 7. Bd3 Ne7 8. O-O Nc6 9. Re1 Be7 10. Qg4 g6 11. c3 h5 12. Qf4 Bd7 13. Nd2 Qc7 14. Nf3 Rf8 15. Ng5 O-O-O 16. Nh7 g5 17. Nxg5 Rg8 18. h4 Rdf8 19. Bd2 f6 20. exf6 Bd6 21. Qf3 Ne5 22. Rxe5 Bxe5 23. f7 Rg7 24. Qxh5 Bf6 25. Qh6 Qd8 26. Nh7 Rfxf7 27. Nxf6 Qxf6 28. Qxf6 Rxf6 29. Bg5 Rff7 30. f4 a6 31. Re1 Kc7 32. h5 Kd6 33. h6 Rg8 34. Kh2 Bb5 35. Bb1 Be8 36. g4 Rd7 37. Bf6 Bg6 38. Bxg6 Rxg6 39. g5 Rxf6 40. gxf6 Rh7 41. Kg3 Rxh6 42. c4 Rxf6 43. cxd5 Kxd5 44. Rd1+ Ke4 45. Re1+ Kd5 46. Kg4 Rg6+ 47. Kf3 Rh6 48. Rd1+ Kc4 49. Ke4 Rh2 50. Rc1+ Kb5 51. Ke5 Rxb2 52. Kxe6 Rxa2 53. Re1 Rf2 54. f5 a5 55. Rb1+ Kc6 56. f6 a4 57. Rc1+ Kb5 58. Rb1+ Ka5 59. Rd1 b5 60. f7 a3 61. Rd8 Ka4 62. Ra8+ Kb3 63. Ra5 b4 64. Rf5 Re2+ 65. Kd6 Rd2+ 66. Kc7 Rc2+ 67. Kb7 a2 68. Rf1 Kb2 69. f8=Q a1=Q 70. Qxb4+ Ka2 71. Qa4+ Kb2 72. Qxa1+ Kb3 73. Rb1+ Kc4 74. Qa4+ Kd3 75. Rb3+ Kd2 76. Qd4+ Kc1 77. Qe3+ Kd1 78. Rb1+ 1-0


[Site "https://www.chess.com"]

[Event "Titled Tuesday Blitz January 04 2022"]
[White "Theodorou, Nikolas"]
[Black "Lenderman, Aleksandr"]
[WhiteFideId "4262875"]
[BlackFideId "2021285"]
[WhiteElo "2472"]
[BlackElo "2651"]
[Result "1-0"]
[Round "08"]
[TimeControl "180+1"]
[Date "2022.01.04"]
[WhiteClock "0:00:57"]
[BlackClock "0:01:40"]

1. e4 e6 2. d3 d5 3. Nd2 Nc6 4. Ngf3 Nf6 5. e5 Nd7 6. d4 f6 7. exf6 Qxf6 8. Nb3 Bd6 9. Bg5 Qf7 10. Bd3 e5 11. dxe5 Ndxe5 12. Be2 O-O 13. Bh4 Nxf3+ 14. Bxf3 Re8+ 15. Kf1 Be6 16. Bg3 Rad8 17. c3 Ne5 18. Be2 c6 19. Nd4 Bc8 20. Bh5 g6 21. Be2 Rf8 22. Nf3 Rde8 23. h3 Nxf3 24. Bxf3 Bxg3 25. fxg3 Qc7 26. g4 Qg3 27. Qd3 b6 28. Kg1 Ba6 29. Bxd5+ 1-0


[Site "https://www.chess.com"]

[Event "Titled Tuesday Blitz January 04 2022"]
[White "Timofeev, Artyom"]
[Black "Pelopidass"]
[WhiteFideId "4140419"]
[WhiteElo "2583"]
[BlackElo "2622"]
[Result "1/2-1/2"]
[Round "08"]
[TimeControl "180+1"]
[Date "2022.01.04"]
[WhiteClock "0:00:29"]
[BlackClock "0:00:19"]

1. d4 Nf6 2. Nf3 g6 3. Nbd2 d5 4. b4 Bg7 5. e3 O-O 6. Be2 a5 7. b5 c6 8. O-O Bf5 9. Ba3 Qc7 10. c4 Rc8 11. Rc1 Qd8 12. cxd5 cxd5 13. Rxc8 Bxc8 14. Qb3 Bg4 15. Rc1 e6 16. h3 Bxf3 17. Nxf3 Nbd7 18. Qc2 Ne8 19. Ne1 Bf8 20. Bxf8 Kxf8 21. Nd3 Nd6 22. Nc5 Rc8 23. Qb2 b6 24. Nxd7+ Qxd7 25. a4 Rxc1+ 26. Qxc1 Qc8 27. Qa3 Ke7 28. Bd3 f5 29. g3 Kd7 30. Kg2 Qf8 31. h4 h6 32. Kf1 g5 33. hxg5 hxg5 34. Ke2 g4 35. Qc1 Qc8 36. Qh1 Qc3 37. Qh7+ Kd8 38. Qg8+ Kd7 39. Qg7+ Kd8 40. Qf8+ Kd7 41. Qb8 Qc7 42. Qf8 Qc3 43. Qg7+ Kd8 44. Qf6+ Kd7 45. Qg7+ 1/2-1/2


[Site "https://www.chess.com"]

[Event "Titled Tuesday Blitz January 04 2022"]
[White "Tristan, Leonardo"]
[Black "Narayanan.S.L"]
[WhiteFideId "113816"]
[BlackFideId "5058422"]
[WhiteElo "2404"]
[BlackElo "2494"]
[Result "1-0"]
[Round "08"]
[TimeControl "180+1"]
[Date "2022.01.04"]
[WhiteClock "0:00:07"]
[BlackClock "0:00:15"]

1. d4 Nf6 2. Nf3 g6 3. Bf4 Bg7 4. e3 O-O 5. Be2 c5 6. O-O Qb6 7. Nbd2 d6 8. c3 Be6 9. dxc5 Qxc5 10. Qc2 Nc6 11. h3 Rac8 12. e4 Rfd8 13. Rfe1 a6 14. a4 Qb6 15. Be3 Qc7 16. Ng5 d5 17. Nxe6 fxe6 18. exd5 exd5 19. Qb3 Rf8 20. Bb6 Qd7 21. Rad1 Kh8 22. Bf3 e6 23. Bc5 Rfe8 24. Qa3 Qf7 25. c4 Nd7 26. cxd5 exd5 27. Rxe8+ Rxe8 28. Nf1 Nxc5 29. Qxc5 d4 30. Bxc6 bxc6 31. Qxc6 Qe6 32. Qxe6 Rxe6 33. Nd2 Rc6 34. b3 Rc3 35. Nf3 Rxb3 36. Nxd4 Bxd4 37. Rxd4 Ra3 38. Kh2 Kg7 39. g4 h5 40. g5 Kf7 41. Rf4+ Kg7 42. Kg2 a5 43. h4 Kg8 44. Kf1 Kg7 45. Ke2 Rc3 46. Kd2 Ra3 47. Kc2 Rh3 48. f3 Rh2+ 49. Kb3 Rh1 50. Kc4 Rb1 51. Kc5 Rb3 52. Kd5 Ra3 53. Ke6 Re3+ 54. Kd7 Rc3 55. Kd6 Rd3+ 56. Kc5 Rb3 57. Rc4 Rxf3 58. Kb5 Rf5+ 59. Rc5 Rf4 60. Rc7+ Kf8 61. Kxa5 Rxh4 62. Kb5 Rg4 63. a5 Rxg5+ 64. Kb6 Rg1 65. a6 Rb1+ 66. Kc6 Rc1+ 67. Kb7 Rb1+ 68. Kc8 h4 69. a7 Ra1 70. Kb8 g5 71. a8=Q Rxa8+ 72. Kxa8 h3 73. Rh7 g4 74. Rh4 h2 75. Rxh2 Kf7 76. Rg2 1-0


[Site "https://www.chess.com"]

[Event "Titled Tuesday Blitz January 04 2022"]
[White "Vokhidov, Shamsiddin"]
[Black "Deac, Bogdan-Daniel"]
[WhiteFideId "14204223"]
[BlackFideId "1226380"]
[WhiteElo "2611"]
[BlackElo "2646"]
[Result "0-1"]
[Round "08"]
[TimeControl "180+1"]
[Date "2022.01.04"]
[WhiteClock "0:00:02"]
[BlackClock "0:00:06"]

1. e4 e5 2. Nf3 Nc6 3. Bb5 Nf6 4. d3 Bc5 5. Bxc6 dxc6 6. Nbd2 Nd7 7. Nc4 f6 8. Be3 Qe7 9. c3 Nf8 10. Bxc5 Qxc5 11. O-O Ne6 12. Ne3 O-O 13. d4 exd4 14. cxd4 Qe7 15. d5 Nf4 16. Qc2 Re8 17. Nd2 cxd5 18. exd5 Qf7 19. Rfe1 Rd8 20. Rac1 Nxd5 21. Nxd5 Rxd5 22. Qxc7 Rxd2 23. Qxc8+ Rxc8 24. Rxc8+ Qf8 25. Rxf8+ Kxf8 26. Rb1 a5 27. Kf1 b5 28. a3 b4 29. axb4 axb4 30. b3 Rd3 31. Ke2 Rc3 32. Kd2 Kf7 33. h3 g5 34. Ke2 h5 35. Kd2 Kg6 36. Rb2 Kf5 37. Rb1 g4 38. hxg4+ hxg4 39. Rb2 Kg5 40. Rb1 f5 41. g3 f4 42. Ra1 fxg3 43. fxg3 Rxb3 44. Ra5+ Kf6 45. Rb5 Rxg3 46. Rxb4 Kg5 47. Rb8 Rf3 48. Ke2 Kh4 49. Rb2 Kg3 50. Rb1 Rf2+ 51. Ke3 Kg2 0-1


[Site "https://www.chess.com"]

[Event "Titled Tuesday Blitz January 04 2022"]
[White "Zhigalko, Sergei"]
[Black "Vovk, Orest"]
[WhiteFideId "13502956"]
[BlackFideId "14113490"]
[WhiteElo "2662"]
[BlackElo "2203"]
[Result "1-0"]
[Round "08"]
[TimeControl "180+1"]
[Date "2022.01.04"]
[WhiteClock "0:00:08"]
[BlackClock "0:00:04"]

1. e4 g5 2. d4 h6 3. Nc3 Bg7 4. Nge2 c5 5. Be3 cxd4 6. Nxd4 Nc6 7. Bc4 d6 8. Bb3 Nxd4 9. Bxd4 Bxd4 10. Qxd4 Nf6 11. O-O-O Qb6 12. Qd3 Be6 13. Bxe6 fxe6 14. e5 dxe5 15. Qg6+ Kf8 16. Rd2 Qc6 17. Rhd1 Qe8 18. Qd3 Kg7 19. Qe3 Qc6 20. Qxe5 Kf7 21. f4 gxf4 22. Qxf4 Rag8 23. g3 Rg4 24. Qf2 Qb6 25. Qf3 Qc6 26. Qf1 Rc8 27. Re1 Rb4 28. Qd3 Qb6 29. b3 Qc6 30. Kb2 Rg4 31. Rde2 Rg5 32. Rxe6 Qxe6 33. Rxe6 Kxe6 34. Qe3+ Kf7 35. Ne2 Rgc5 36. c3 R8c6 37. Qxh6 Re5 38. Qd2 Rd6 39. Nd4 Rdd5 40. Qc2 Re4 41. Qf2 Rde5 42. Ka3 Ke8 43. b4 Nd5 44. Kb3 Ne3 45. Qf3 Nd5 46. Nf5 Nf6 47. Ng7+ Kf7 48. Nf5 Re1 49. Nd4 R5e3 50. Qxb7 Ne4 51. Qd5+ Kf8 52. Qf5+ Ke8 53. Qc8+ Kf7 54. Qf5+ Ke8 55. Nb5 a6 56. Qc8+ Kf7 57. Qxa6 Nd2+ 58. Ka4 Ne4 59. Qc6 Nd2 60. Qd5+ Re6 61. Qxd2 R1e2 62. Qd5 Re5 63. Qc4 Re4 64. Qd5 Kf6 65. Nd4 R6e5 66. Qc6+ e6 67. Kb3 Re1 68. Qc7 Rb1+ 69. Kc4 Rbe1 70. Qd8+ Kf7 71. Qd7+ Kf6 72. a4 R5e3 73. Qd8+ Kf7 74. Qd7+ Kf6 75. a5 Rc1 76. Qd8+ Kf7 77. Nb5 Re4+ 78. Kc5 Re5+ 79. Kb6 Rd5 80. Qc7+ Kf6 81. Qf4+ Ke7 82. Qxc1 1-0


[Site "https://www.chess.com"]

[Event "Titled Tuesday Blitz January 04 2022"]
[White "Zverev, Lev"]
[Black "Svane, Frederik"]
[WhiteFideId "24250775"]
[BlackFideId "12923044"]
[WhiteElo "2156"]
[BlackElo "2459"]
[Result "1/2-1/2"]
[Round "08"]
[TimeControl "180+1"]
[Date "2022.01.04"]
[WhiteClock "0:00:45"]
[BlackClock "0:00:04"]

1. e4 c5 2. Nf3 d6 3. d4 cxd4 4. Nxd4 Nf6 5. Nc3 Nc6 6. Bg5 e6 7. Qd2 a6 8. O-O-O Bd7 9. f4 Be7 10. Nxc6 Bxc6 11. e5 dxe5 12. fxe5 Qxd2+ 13. Rxd2 Ng4 14. Bf4 g5 15. Bg3 h5 16. Be2 Bc5 17. Bxg4 hxg4 18. Kb1 Be3 19. Re2 Bf4 20. Rf1 Ke7 21. Bxf4 gxf4 22. Rxf4 Rxh2 23. b3 Rg8 24. g3 Rxe2 25. Nxe2 Rg5 26. Nd4 Bg2 27. Rf2 Bf3 28. Nxf3 Rf5 29. Kc1 gxf3 30. Kd2 a5 31. c4 Rxe5 32. Rxf3 Rh5 33. Kc3 Rh2 34. a3 b6 35. b4 axb4+ 36. axb4 f5 37. Kd4 Rd2+ 38. Rd3 Rg2 39. c5 bxc5+ 40. Kxc5 Rc2+ 41. Kd4 Rb2 42. Kc3 Rb1 43. Kc4 Rc1+ 44. Kd4 Rb1 45. Kc5 Rc1+ 46. Kb6 e5 47. b5 e4 48. Re3 Kf6 49. g4 Kg5 50. gxf5 Kxf5 51. Ka7 Kf4 52. Rb3 Ra1+ 53. Kb7 e3 54. Rb2 Kf3 55. b6 e2 56. Rxe2 Kxe2 57. Kc7 Rc1+ 58. Kb8 Kd3 59. b7 Kd4 60. Ka7 Ra1+ 61. Kb6 Rb1+ 62. Kc7 Rc1+ 63. Kd7 Rb1 64. Kc7 Rc1+ 65. Kd7 Rb1 66. Kc8 Rc1+ 67. Kd8 Rh1 68. Kc8 Rh8+ 69. Kc7 Kc5 70. b8=Q Rh7+ 71. Kc8 Rh8+ 72. Kb7 Rxb8+ 73. Kxb8 1/2-1/2


[Site "https://www.chess.com"]

[Event "Titled Tuesday Blitz January 04 2022"]
[White "Altman, Joshua"]
[Black "Tsvetkov, Andrey"]
[WhiteFideId "426210"]
[BlackFideId "34139360"]
[WhiteElo "1945"]
[BlackElo "2280"]
[Result "1/2-1/2"]
[Round "09"]
[TimeControl "180+1"]
[Date "2022.01.04"]
[WhiteClock "0:00:12"]
[BlackClock "0:00:06"]

1. d4 Nf6 2. c4 e6 3. Nf3 b6 4. g3 Ba6 5. Qa4 Bb7 6. Bg2 c5 7. dxc5 Bxc5 8. O-O O-O 9. Nc3 Nc6 10. Bf4 Qe7 11. Rad1 Rfd8 12. a3 a5 13. Ne5 Rac8 14. Nb5 Nh5 15. Na7 Nxf4 16. gxf4 Nxa7 17. Bxb7 Rc7 18. Bg2 Qh4 19. Nxd7 b5 20. cxb5 Rcxd7 21. Rxd7 Rxd7 22. b6 Qe7 23. bxa7 Rxa7 24. e3 h6 25. Rd1 Bb6 26. Qc6 Qc5 27. Qe8+ Kh7 28. Be4+ f5 29. Bg2 Rc7 30. Rd8 Re7 31. Qg8+ Kg6 32. Re8 Qc1+ 33. Bf1 Qc7 34. Rxe7 Qxe7 35. Bc4 Kf6 36. h4 Bc7 37. h5 Qd7 38. Qf8+ Qf7 39. Qc5 Qe7 40. Qd4+ Kf7 41. e4 fxe4 42. Qxe4 Qf6 43. f5 Qg5+ 44. Kf1 Qc1+ 45. Kg2 Qg5+ 46. Kf1 Qc1+ 47. Kg2 Qg5+ 48. Kf1 1/2-1/2


[Site "https://www.chess.com"]

[Event "Titled Tuesday Blitz January 04 2022"]
[White "Andreikin, Dmitry"]
[Black "Vokhidov, Shamsiddin"]
[WhiteFideId "4158814"]
[BlackFideId "14204223"]
[WhiteElo "2736"]
[BlackElo "2611"]
[Result "1-0"]
[Round "09"]
[TimeControl "180+1"]
[Date "2022.01.04"]
[WhiteClock "0:00:25"]
[BlackClock "0:00:15"]

1. d4 Nf6 2. c4 e6 3. Nf3 d5 4. Nc3 Bb4 5. Qa4+ Nc6 6. e3 O-O 7. Bd2 dxc4 8. Bxc4 Bd6 9. Qc2 a6 10. a3 e5 11. dxe5 Nxe5 12. Nxe5 Bxe5 13. f4 Bxf4 14. exf4 Re8+ 15. Ne2 b5 16. Bd3 Bg4 17. Bc3 Nd5 18. O-O-O Qh4 19. g3 Qh5 20. Rd2 Ne3 21. Qb1 Rad8 22. Bd4 Nf5 23. Bf2 Bxe2 24. Bxe2 Qg6 25. Rhd1 Rxd2 26. Rxd2 Qf6 27. Qc2 Nd6 28. Bd3 h5 29. Re2 Rd8 30. Re5 h4 31. Kb1 hxg3 32. hxg3 g6 33. Qxc7 Rc8 34. Qd7 Rf8 35. Qe7 Qxe7 36. Rxe7 Rd8 37. Kc2 Rc8+ 38. Kd2 Rc6 39. Rd7 Kf8 40. b4 Ke8 41. Ra7 Nc4+ 42. Bxc4 bxc4 43. Kc3 Rd6 44. Kxc4 Re6 45. Bc5 Kd8 46. Kd5 Re1 47. Rxf7 Rd1+ 48. Kc6 Kc8 49. Rf8+ Rd8 50. Rxd8+ Kxd8 51. a4 Kc8 52. b5 a5 53. b6 Kb8 54. b7 g5 55. Bd6+ Ka7 56. b8=Q+ Ka6 57. Qa8# 1-0


[Site "https://www.chess.com"]

[Event "Titled Tuesday Blitz January 04 2022"]
[White "Artemenko, Oleg"]
[Black "Demchenko, Anton"]
[WhiteFideId "14201798"]
[BlackFideId "4160258"]
[WhiteElo "2287"]
[BlackElo "2539"]
[Result "0-1"]
[Round "09"]
[TimeControl "180+1"]
[Date "2022.01.04"]
[WhiteClock "0:00:22"]
[BlackClock "0:00:29"]

1. d4 Nf6 2. Nc3 d5 3. Bf4 a6 4. e3 b5 5. Nf3 e6 6. Bd3 Nbd7 7. Ne2 Bb7 8. c3 c5 9. h3 Be7 10. g4 Ne4 11. Ng3 g5 12. Be5 f6 13. Bxe4 dxe4 14. Nxg5 Nxe5 15. Nxe6 Nd3+ 16. Kf1 Qd7 17. Ng7+ Kd8 18. N7f5 c4 19. Nh5 Bd5 20. b4 Kc7 21. a4 Nb2 22. Qc2 Nxa4 23. Nf4 Bb7 24. d5 Bd6 25. Ne6+ Kb8 26. Qxe4 Nxc3 27. Qd4 Be5 28. Qb6 Nxd5 29. Qa5 Qxe6 30. Re1 Ka7 31. e4 Nf4 32. f3 Rad8 33. Qa3 Rd3 34. Qa2 Rxf3+ 35. Kg1 Qb6+ 0-1


[Site "https://www.chess.com"]

[Event "Titled Tuesday Blitz January 04 2022"]
[White "Azadaliyev, Jahandar"]
[Black "Firat, Burak"]
[WhiteFideId "13425811"]
[BlackFideId "6305881"]
[WhiteElo "1795"]
[BlackElo "2419"]
[Result "0-1"]
[Round "09"]
[TimeControl "180+1"]
[Date "2022.01.04"]
[WhiteClock "0:00:02"]
[BlackClock "0:00:05"]

1. d4 Nf6 2. c4 e6 3. g3 c5 4. Nf3 cxd4 5. Nxd4 a6 6. Bg2 Qc7 7. b3 Bb4+ 8. Bd2 Bc5 9. Bc3 O-O 10. O-O d5 11. cxd5 exd5 12. Nd2 Qe7 13. e3 Bg4 14. Qc2 Qd7 15. N2f3 Re8 16. Rfd1 Ba7 17. Qb2 Ne4 18. Rac1 h5 19. Nc2 Qf5 20. Ncd4 Qd7 21. Re1 f6 22. Nd2 Nxd2 23. Qxd2 Nc6 24. Bb2 Ne5 25. Qa5 Nd3 26. Rc7 Qd6 27. Qxd5+ Qxd5 28. Bxd5+ Kh8 29. Rb1 Rac8 30. Rxc8 Rxc8 31. Kg2 Bxd4 32. Bxd4 Rc2 33. Rf1 Be2 34. Ra1 Nxf2 35. e4 Nd3 36. Kg1 Bf3 37. Bc4 Rg2+ 38. Kf1 Ne5 39. Bf2 Rxh2 40. Rc1 Ng4 41. Bg1 Rxa2 42. Bf7 Kh7 43. Bxh5 Ne5 0-1


[Site "https://www.chess.com"]

[Event "Titled Tuesday Blitz January 04 2022"]
[White "Darini, Pouria"]
[Black "Timofeev, Artyom"]
[WhiteFideId "12502200"]
[BlackFideId "4140419"]
[WhiteElo "2489"]
[BlackElo "2583"]
[Result "1-0"]
[Round "09"]
[TimeControl "180+1"]
[Date "2022.01.04"]
[WhiteClock "0:00:06"]
[BlackClock "0:00:05"]

1. e4 c5 2. Nf3 Nc6 3. Bb5 d6 4. c3 Bd7 5. O-O a6 6. Ba4 Nf6 7. Re1 e5 8. d3 Be7 9. Nbd2 O-O 10. Nf1 Re8 11. Bg5 h6 12. Bxf6 Bxf6 13. Ne3 g6 14. g3 Bg7 15. h4 h5 16. Nd5 Bh6 17. Ng5 Bxg5 18. hxg5 Qxg5 19. Nc7 h4 20. Qf3 Bg4 21. Qe3 Qh5 22. Nxe8 Rxe8 23. Bd1 Kg7 24. Kg2 h3+ 25. Kh2 Nd8 26. f3 Bd7 27. f4 Bg4 28. Bxg4 Qxg4 29. Qe2 Qd7 30. Rf1 exf4 31. gxf4 d5 32. e5 Qf5 33. Qf3 Ne6 34. Rae1 Rh8 35. Qxd5 Rh4 36. Qe4 Qh5 37. Qf3 Rg4 38. Kh1 h2 39. Rf2 Nxf4 40. Ref1 Qg5 41. Rxh2 Qf5 42. e6 Qxe6 43. Qe4 Qxe4+ 44. dxe4 Ne6 45. Rg2 Rxe4 46. Rgf2 f5 47. Kg1 Kf6 48. Rd2 f4 49. Rd7 g5 50. Rxb7 Kf5 51. Rb8 Kg4 52. Re8 f3 53. Kf2 Re2+ 54. Kg1 Nf4 55. Rxe2 fxe2 56. Re1 Kf3 57. b4 Nd3 58. Rb1 e1=Q+ 59. Rxe1 Nxe1 60. bxc5 Nd3 61. c6 Nf4 62. c7 1-0


[Site "https://www.chess.com"]

[Event "Titled Tuesday Blitz January 04 2022"]
[White "Diaz Camallonga, Carles"]
[Black "Poormosavi, Seyed Kian"]
[WhiteFideId "22235256"]
[BlackFideId "12585807"]
[WhiteElo "2438"]
[BlackElo "2116"]
[Result "0-1"]
[Round "09"]
[TimeControl "180+1"]
[Date "2022.01.04"]
[WhiteClock "0:00:18"]
[BlackClock "0:00:22"]

1. e4 c6 2. Nf3 d5 3. Nc3 dxe4 4. Nxe4 Nf6 5. Qe2 Nxe4 6. Qxe4 Qd5 7. Qf4 Qf5 8. Qxf5 Bxf5 9. d3 Nd7 10. Bf4 f6 11. Nd4 Bg6 12. Ne6 Kf7 13. Nxf8 Rhxf8 14. h4 h5 15. O-O-O e5 16. Be3 Nb6 17. Be2 Nd5 18. Bd2 Rad8 19. Bf3 Rh8 20. Rhe1 Bf5 21. g3 g6 22. b3 Rhe8 23. Re2 Nc7 24. Rde1 Ne6 25. Be4 Bg4 26. Re3 Rd7 27. Bg2 Bf5 28. Bc3 Red8 29. Ba5 Rc8 30. Kb2 Nd4 31. Bc3 Nb5 32. Bd2 Nd4 33. a4 Rcd8 34. Bc3 Ne6 35. a5 Nc7 36. Bd2 a6 37. R3e2 Nb5 38. Bb4 Nd4 39. Re3 Be6 40. Bc5 Bd5 41. Be4 Ne6 42. Bb6 Re8 43. Kc1 Nc7 44. Bxc7 Rxc7 45. f4 Rce7 46. f5 Bxe4 47. dxe4 gxf5 48. exf5 Rd7 49. Re4 Rg8 50. R1e3 Rd5 51. Rb4 Rb5 52. Rxb5 axb5 53. b4 Rg4 54. c3 Ke7 55. Kc2 e4 56. Kd2 Kd6 57. Kc2 Ke5 58. Kb3 Kxf5 59. c4 Ke5 60. cxb5 cxb5 61. Rc3 Kd4 62. Kc2 e3 63. Rc7 Rxg3 64. Rd7+ Kc4 65. Rc7+ Kxb4 66. Rxb7 Kxa5 67. Kd3 b4 68. Ra7+ Kb5 69. Rf7 Rf3 70. Ke2 Rh3 71. Rxf6 Rxh4 72. Kxe3 Ka4 73. Rf8 Kb3 74. Kd3 Rc4 75. Rh8 h4 76. Kd2 Kb2 77. Rh7 b3 78. Rh8 Rd4+ 79. Ke3 Rg4 80. Kd2 Rg2+ 81. Kd1 Rg4 82. Kd2 Kb1 83. Rh7 b2 84. Rh8 Rd4+ 85. Ke2 Rb4 86. Kd2 Ka2 87. Ra8+ Kb3 0-1


[Site "https://www.chess.com"]

[Event "Titled Tuesday Blitz January 04 2022"]
[White "Drozdowski, Kacper"]
[Black "Golubev, Mikhail"]
[WhiteFideId "1136720"]
[BlackFideId "14100983"]
[WhiteElo "2507"]
[BlackElo "2374"]
[Result "1-0"]
[Round "09"]
[TimeControl "180+1"]
[Date "2022.01.04"]
[WhiteClock "0:01:46"]
[BlackClock "0:00:50"]

1. e4 c5 2. Nf3 d6 3. d4 Nf6 4. Nc3 cxd4 5. Nxd4 g6 6. h3 Nc6 7. Bc4 Bg7 8. O-O O-O 9. Bb3 Nxd4 10. Qxd4 b5 11. Qd3 b4 12. Nd5 a5 13. Nxf6+ Bxf6 14. Rd1 a4 15. Bd5 Ba6 16. Qf3 Rc8 17. Bh6 Rxc2 18. Bxf8 Be2 19. Qe3 Qxf8 20. Rd2 Qc8 21. Qxe2 1-0


[Site "https://www.chess.com"]

[Event "Titled Tuesday Blitz January 04 2022"]
[White "Ezat, Mohamed"]
[Black "Kobalia, Mikhail"]
[WhiteFideId "10600906"]
[BlackFideId "4119150"]
[WhiteElo "2386"]
[BlackElo "2667"]
[Result "1-0"]
[Round "09"]
[TimeControl "180+1"]
[Date "2022.01.04"]
[WhiteClock "0:00:27"]
[BlackClock "0:00:02"]

1. d4 Nf6 2. Nf3 g6 3. Nbd2 Bg7 4. e4 O-O 5. Bc4 d5 6. exd5 Nxd5 7. O-O Nc6 8. c3 a6 9. Ne4 Bf5 10. Ng3 Bc8 11. Qe2 b5 12. Bb3 Na5 13. Ne5 Bb7 14. Ne4 f6 15. Nf3 Nxb3 16. axb3 Nb6 17. Nc5 Bd5 18. Bf4 Re8 19. Ne6 Bxe6 20. Qxe6+ Kh8 21. c4 Qc8 22. Rfe1 bxc4 23. Qxc8 Raxc8 24. Rxa6 cxb3 25. Bxc7 Nd5 26. Bg3 Rc2 27. Rb1 Rec8 28. h4 Bh6 29. Ra3 Nf4 30. Bxf4 Bxf4 31. g3 Bd6 32. Rxb3 Re2 33. Rc3 Rb8 34. Kf1 Rexb2 35. Rxb2 Rxb2 36. h5 gxh5 37. Nh4 Rb5 38. Rf3 Kg7 39. Kg2 Rd5 40. Re3 1-0


[Site "https://www.chess.com"]

[Event "Titled Tuesday Blitz January 04 2022"]
[White "Fernandez Reyes, Lisandro"]
[Black "Perez Gormaz, Matias"]
[WhiteFideId "3504190"]
[BlackFideId "3406342"]
[WhiteElo "2374"]
[BlackElo "2352"]
[Result "1-0"]
[Round "09"]
[TimeControl "180+1"]
[Date "2022.01.04"]
[WhiteClock "0:00:17"]
[BlackClock "0:00:03"]

1. e4 c5 2. Nf3 d6 3. d4 cxd4 4. Nxd4 Nf6 5. Nc3 a6 6. Bc4 e6 7. Bb3 b5 8. a3 Be7 9. g4 h6 10. Qe2 Qb6 11. Be3 Qb7 12. f3 Nbd7 13. h4 Nc5 14. Rg1 Nfd7 15. g5 hxg5 16. hxg5 g6 17. O-O-O Nb6 18. Ba2 Bd7 19. Rh1 Rf8 20. Kb1 Rb8 21. Nb3 Nca4 22. Bd2 Nc4 23. Bc1 Nxa3+ 24. Ka1 Nxc3 25. bxc3 Nc4 26. f4 Qc7 27. Rhe1 Rc8 28. f5 Ne5 29. Bb2 Qc4 30. f6 Qxe2 31. Rxe2 Bd8 32. Rxd6 a5 33. Nd4 Rh8 34. Ra6 Rh1+ 35. Bb1 Rg1 36. Rh2 Bc6 37. Nxb5 Bxb5 38. Rd6 Be7 39. fxe7 Kxe7 40. Ba3 Nc4 41. Rd1+ Nxa3 42. Rxg1 Nc4 43. Rh7 Ne5 44. Kb2 Nc4+ 45. Kc1 Ne5 46. Rg3 Bc6 47. Re3 a4 48. Ba2 Rb8 49. Rh1 Rc8 50. Rd1 Bb7 51. Rd4 Bc6 52. Rb4 Rh8 53. Kb2 Rh5 54. Rg3 Rh2 55. Rb6 Kd6 56. Ra6 Kc5 57. Ra5+ Kd6 58. c4 Bxe4 59. c5+ Ke7 60. Rc3 Nd3+ 61. Ka3 Ne5 62. Ra7+ Kf8 63. Rxa4 Nc6 64. Rxe4 Ke7 65. Ra4 Rh8 66. Ra6 Kd7 67. Bb3 Kc7 68. Ba4 Nd4 69. Rd3 e5 70. c3 Ne6 71. Rd7+ Kb8 72. Rb6+ Ka8 73. Bc6# 1-0


[Site "https://www.chess.com"]

[Event "Titled Tuesday Blitz January 04 2022"]
[White "Gabrielian, Artur"]
[Black "Pranav, V"]
[WhiteFideId "4131002"]
[BlackFideId "25060783"]
[WhiteElo "2440"]
[BlackElo "2349"]
[Result "0-1"]
[Round "09"]
[TimeControl "180+1"]
[Date "2022.01.04"]
[WhiteClock "0:00:11"]
[BlackClock "0:00:42"]

1. e4 e5 2. Nc3 Nf6 3. g3 Bc5 4. Bg2 Nc6 5. Nge2 d6 6. Na4 Bb6 7. Nxb6 axb6 8. d4 Bg4 9. f3 Bh5 10. g4 Bg6 11. d5 Ne7 12. h4 h6 13. c4 c6 14. Be3 b5 15. b3 bxc4 16. bxc4 b5 17. h5 Bh7 18. g5 hxg5 19. Bxg5 bxc4 20. h6 Bg8 21. hxg7 Rxh1+ 22. Bxh1 Nh5 23. dxc6 f6 24. Be3 Nxc6 25. Nc3 f5 26. exf5 Qh4+ 27. Kd2 d5 28. Qg1 d4 29. Qg6+ Kd7 30. Ne4 dxe3+ 31. Kc3 Qe7 32. Rd1+ Nd4 33. Rxd4+ exd4+ 34. Kxd4 Qxg7+ 35. Qxg7+ Nxg7 36. f6 Nf5+ 37. Ke5 e2 0-1


[Site "https://www.chess.com"]

[Event "Titled Tuesday Blitz January 04 2022"]
[White "Godzwon, Iwo"]
[Black "Matinian, Nikita"]
[WhiteFideId "21802483"]
[BlackFideId "24129100"]
[WhiteElo "2201"]
[BlackElo "2422"]
[Result "1-0"]
[Round "09"]
[TimeControl "180+1"]
[Date "2022.01.04"]
[WhiteClock "0:00:08"]
[BlackClock "0:00:02"]

1. e4 c5 2. Nf3 e6 3. d4 cxd4 4. Nxd4 Nc6 5. Nc3 Qc7 6. Be2 Nf6 7. O-O a6 8. Be3 b5 9. Nxc6 Qxc6 10. e5 Bb7 11. Bf3 Nd5 12. Nxd5 exd5 13. Qd3 Rc8 14. c3 Qe6 15. Rad1 Bc5 16. Bf4 h6 17. Bxd5 Bxd5 18. Qxd5 g5 19. Bc1 Rc6 20. Rd3 Qxd5 21. Rxd5 Ke7 22. Rfd1 Rd8 23. Kf1 Ba7 24. Ke2 Re6 25. b3 f6 26. Ba3+ Ke8 27. Bd6 Rc8 28. R1d3 Rc6 29. Kf1 fxe5 30. Bxe5 Bb6 31. h3 Ba5 32. g3 Bb6 33. f4 gxf4 34. gxf4 Bd8 35. Rxd7 Be7 36. R7d5 Rg6 37. Bd4 Rg8 38. f5 Kf7 39. Re3 Rg5 40. Ke2 Bf6 41. Rd7+ Kg8 42. Re6 Rxe6+ 43. fxe6 Bxd4 44. cxd4 Kf8 45. d5 Ke8 46. Kd3 Rg3+ 47. Kd4 Rxh3 48. Ke5 Rh5+ 49. Kd6 1-0


[Site "https://www.chess.com"]

[Event "Titled Tuesday Blitz January 04 2022"]
[White "Grandelius, Nils"]
[Black "Maghsoodloo, Parham"]
[WhiteFideId "1710400"]
[BlackFideId "12539929"]
[WhiteElo "2617"]
[BlackElo "2630"]
[Result "1/2-1/2"]
[Round "09"]
[TimeControl "180+1"]
[Date "2022.01.04"]
[WhiteClock "0:00:06"]
[BlackClock "0:00:13"]

1. Nf3 d5 2. g3 c6 3. Bg2 Bf5 4. O-O Nd7 5. c4 e6 6. cxd5 cxd5 7. Qb3 Qb6 8. Qxb6 axb6 9. Nc3 Ngf6 10. Nd4 Bg6 11. Ndb5 Rc8 12. Na7 Ra8 13. Nab5 Rc8 14. d3 Be7 15. Bf4 e5 16. Bd2 d4 17. Na4 Rc2 18. Rfd1 Nc5 19. Nxc5 bxc5 20. Na3 Rxb2 21. Nc4 Rc2 22. Rdc1 Rxc1+ 23. Rxc1 e4 24. Ne5 b5 25. Rb1 b4 26. a3 Nd5 27. axb4 cxb4 28. Nxg6 hxg6 29. Bxe4 Nc3 30. Bc6+ Kd8 31. Ra1 Kc7 32. Bxc3 dxc3 33. Bd5 Bc5 34. Bb3 Rd8 35. Kf1 f5 36. Ra6 Bb6 37. Ra4 Rd4 38. e3 Rxd3 39. Rxb4 Ba5 40. Rb5 Bb6 41. Rb4 Ba5 42. Rb5 Bb6 43. Rb4 1/2-1/2


[Site "https://www.chess.com"]